 Dungeon Crawl Stone Soup version 0.18-a0-1481-g708b138 (console) character file.

74 utis the Ogre Mage (level 4, -1/39 HPs)
             Began as an Ogre Wizard on Mar 2, 2016.
             Killed from afar by Sigmund (6 damage)
             ... with a puff of flame
             ... on level 2 of the Dungeon.
             The game lasted 00:09:45 (3066 turns).

utis the Ogre Mage (Ogre Wizard)                    Turns: 3066, Time: 00:09:45

Health: -1/39      AC:  4    Str: 12    XL:     4   Next: 28%
Magic:  3/10       EV:  8    Int: 17    God:
Gold:   143        SH:  0    Dex:  9    Spells: 5 memorised, 2 levels left

rFire  . . .     SeeInvis .     s - +1 dagger (venom)
rCold  . . .     Gourm    .     a - +0 robe
rNeg   . . .     Faith    .     (no shield)
rPois  .         Spirit   .     b - +0 hat
rElec  .         Dismiss  .     i - +0 cloak
rCorr  .         Reflect  .     (gloves unavailable)
SustAt .         Harm     .     (boots unavailable)
MR     .....                    (no amulet)
Stlth  +.........               (no ring)
                                l - -2 ring of evasion

@: very slightly contaminated, repel missiles, not resistant to hostile
enchantments, very unstealthy
A: unfitting armour, tough skin 1
a: no special abilities


You were on level 2 of the Dungeon.
You were hungry.

You visited 1 branch of the dungeon, and saw 2 of its levels.

You collected 143 gold pieces.

Inventory:

Hand Weapons
 f - a +0 dagger
 h - a -2 club
 o - a +0 hunting sling
 p - a +0 short sword
 r - a +2 mace of holy wrath
 s - a +1 dagger of venom (weapon)
Missiles
 e - 118 stones (quivered)
 k - 38 sling bullets
 n - 8 javelins
Armour
 a - a +0 robe (worn)
 b - a +0 hat (worn)
 i - a +0 cloak (worn)
Jewellery
 l - a -2 ring of evasion (left hand)
 C - an uncursed ring of ice {=f}
Scrolls
 u - a scroll of immolation {unknown}
 v - 2 scrolls of teleportation {@r4}
Potions
 g - 2 potions of degeneration
 j - a potion of might {unknown}
 q - a potion of flight {unknown}
 w - a potion of curing {unknown}
Books
 c - a book of Minor Magic

   Spells                             Type                      Level
   a - Magic Dart                     Conjuration                  1
   b - Blink                          Translocation                2
   c - Call Imp                       Summoning                    2
   d - Repel Missiles                 Charms/Air                   2
   e - Slow                           Hexes                        2
   f - Conjure Flame                  Conjuration/Fire             3
   g - Mephitic Cloud                 Conjuration/Poison/Air       3
Comestibles
 d - 2 bread rations {@e1}
 t - 3 fruits {@e2}


   Skills:
 - Level 1.7 Dodging
 - Level 1.5 Stealth
 + Level 4.7 Spellcasting
 + Level 1.7 Conjurations
 - Level 0.6 Summonings
 - Level 0.6 Translocations
 + Level 0.4 Air Magic
 + Level 0.4 Poison Magic


You had 2 spell levels left.
You knew the following spells:

 Your Spells              Type           Power        Failure   Level  Hunger
d - Mephitic Cloud        Conj/Pois/Air  #.......     30%         3    ###....
p - Call Imp              Summ           #.......     21%         2    ##.....
r - Repel Missiles        Chrm/Air       #.....       24%         2    ##.....
v - Blink                 Tloc           N/A          21%         2    ##.....
z - Magic Dart            Conj           #...         10%         1    None


Dungeon Overview and Level Annotations

Branches:
Dungeon (2/15)

Altars:
Sif Muna

Annotations:
D:2 Sigmund


Innate Abilities, Weirdness & Mutations

You are too large for most types of armour.
You have tough skin (AC +1).


Message History

Your crimson imp hits Sigmund.
Your crimson imp completely misses Sigmund.
Casting: Call Imp
Confirm with . or Enter, or press ? or * to list all spells.
You don't know that spell.
You hit Sigmund.
Sigmund is poisoned.
Sigmund is lightly wounded.
Sigmund hits you with a scythe!
* * * LOW HITPOINT WARNING * * *
Your crimson imp barely misses Sigmund.
Unknown command.
Sigmund closely misses you.
Your crimson imp closely misses Sigmund.
Sigmund hits you from afar with a scythe!
* * * LOW HITPOINT WARNING * * *
Your crimson imp closely misses Sigmund.
Your shadow imp barely misses Sigmund.
Your crimson imp hits Sigmund.
Sigmund casts a spell at you. The puff of flame hits you!
You die...

...................░░░......░░.░░
.....░..░......░..░░ ░░░░░░░░░.░░
...░░░....░......░░ ░░░░░░░.░░
....░....░░......░ ░....░░.░░
........░░░......░ ░....░░.░░
.......░░░░......░ ░....░░.░░
.....░░░░........░ ░....░░.░
..........░......░ ░.......░
....░░░░░░░░░░.░O░ ░░░░░░..░
....░ ░.░.░ ░...░ ....░ ░.░.░░
░...░ ...░░ ░.░@.░░.░ ░...░ ..░░
░.55....░ ░░░░░ ░░░ ░░░░░░░░░


You could see Sigmund, a friendly crimson imp and a friendly shadow imp.

Vanquished Creatures
  An ooze (D:1)
  2 giant cockroaches (D:1)
  11 goblins
  8 hobgoblins
  4 kobolds
  A ball python (D:1)
  6 bats
  2 giant newts (D:1)
  6 rats
41 creatures vanquished.

Vanquished Creatures (collateral kills)
  Ijyb (D:1)
  Robin (D:1)
  2 goblins (D:1)
  2 jackals (D:1)
  A kobold (D:1)
7 creatures vanquished.

Grand Total: 48 creatures vanquished

Notes
Turn   | Place    | Note
--------------------------------------------------------------
     0 | D:1      | utis the Ogre Wizard began the quest for the Orb.
     0 | D:1      | Reached XP level 1. HP: 16/16 MP: 5/5
   233 | D:1      | Reached skill level 1 in Conjurations
   307 | D:1      | Reached XP level 2. HP: 24/24 MP: 2/6
   351 | D:1      | Learned a level 2 spell: Call Imp
   354 | D:1      | Learned a level 2 spell: Blink
   551 | D:1      | Reached skill level 4 in Spellcasting
  1156 | D:1      | Reached XP level 3. HP: 31/31 MP: 0/8
  1525 | D:2      | Noticed Ijyb
  1547 | D:1      | Killed Ijyb
  1702 | D:1      | Learned a level 3 spell: Mephitic Cloud
  1705 | D:1      | Learned a level 2 spell: Repel Missiles
  1751 | D:2      | Noticed Robin
  2107 | D:2      | Reached XP level 4. HP: 39/39 MP: 8/10
  2264 | D:1      | Killed Robin
  2860 | D:2      | Found a deep blue altar of Sif Muna.
  2930 | D:2      | Noticed Sigmund
  3066 | D:2      | Killed from afar by Sigmund

Vault maps used:
D:1:      ncdulo_lavacross
D:2:      led_sif_pool, marbit_many_paths, first_bread, minivault_19,
          uniq_sigmund, uniq_robin, uniq_iyjb

Skill      XL: |  1  2 |
---------------+-------+-----
Conjurations   | 1 |  1.7
Spellcasting   | 4 |  4.7
Dodging        | |  1.7
Stealth        | |  1.5
Summonings     | |  0.6
Translocations | |  0.6
Air Magic      | |  0.4
Poison Magic   | |  0.4

Action                   |  1- 3 |  4- 6 || total
-------------------------+-------+-------++-------
Melee: Dagger            |    20 |     2 ||    22
       Club              |     4 |    11 ||    15
 Cast: Magic Dart        |    91 |    18 ||   109
       Call Imp          |     4 |     8 ||    12
       Repel Missiles    |     1 |       ||     1
       Blink             |       |     2 ||     2
       Mephitic Cloud    |       |     1 ||     1
  Use: Scroll            |     2 |     1 ||     3
  Eat: Chunk             |     4 |     2 ||     6
